 Dungeon Crawl Stone Soup version 0.21-a0-338-g36cf2fc (webtiles) character file.

158 Cecky the Skirmisher (level 5, -2/85 HPs)
             Began as an Ogre Berserker on Oct 4, 2017.
             Was a Believer of Trog.
             Slain by a bullfrog (8 damage)
             ... on level 4 of the Dungeon.
             The game lasted 00:06:49 (3684 turns).

Cecky the Skirmisher (Ogre Berserker)               Turns: 3684, Time: 00:06:50

Health: -2/85      AC:  3    Str: 27    XL:     5   Next: 39%
Magic:  0/5        EV: 11    Int:  8    God:    Trog [**....]
Gold:   97         SH:  0    Dex:  8    Spells: 4/4 levels left

rFire    . . .     SeeInvis .   a - +0 mace
rCold    . . .     Gourm    .   (no shield)
rNeg     . . .     Faith    .   b - +0 animal skin
rPois    .         Spirit   +   (helmet restricted)
rElec    .         Reflect  .   u - scarf {Spirit}
rCorr    .         Harm     .   (gloves unavailable)
MR       .....                  (boots unavailable)
Stlth    ..........             (no amulet)
HPRegen  0.24/turn              (no ring)
MPRegen  0.09/turn              (no ring)

@: berserking, very quick
A: unfitting armour, tough skin 1
a: Berserk, Trog's Hand, Burn Spellbooks, Renounce Religion


You were on level 4 of the Dungeon.
You worshipped Trog.
Trog was pleased with you.
You were hungry.

You visited 1 branch of the dungeon, and saw 4 of its levels.

You collected 97 gold pieces.

Inventory:

Hand Weapons
 a - a +0 mace (weapon)
Armour
 b - a +0 animal skin (worn)
 u - a scarf of spirit shield (worn)
Wands
 p - a wand of flame (13/48)
Scrolls
 d - 3 scrolls of remove curse {unknown}
 e - a scroll of noise {unknown}
 j - a scroll of recharging {unknown}
 k - a scroll of blinking {unknown}
 l - 2 scrolls of identify {unknown}
 m - a scroll of enchant weapon {unknown}
 n - 2 scrolls of teleportation {unknown}
 v - a scroll of fear {unknown}
Potions
 f - 5 potions of brilliance {unknown}
 h - a potion of mutation {unknown}
 o - a potion of might {unknown}
 q - a potion of cancellation {unknown}
 s - a potion of agility {unknown}
 t - a potion of curing {unknown}
Comestibles
 c - 4 bread rations
 g - 2 meat rations
 i - a royal jelly


   Skills:
 + Level 5.1 Fighting
 + Level 4.0 Maces & Flails
 + Level 3.8 Dodging
 - Level 0.1 Stealth


You had 4 spell levels left.
You didn't know any spells.

Dungeon Overview and Level Annotations

Branches:
Dungeon (4/15)
 Temple: D:4-7

Altars:
Dithmenos
Elyvilon
Gozag
Nemelex Xobeh
Sif Muna
Trog
Wu Jian
Xom


Innate Abilities, Weirdness & Mutations

You are too large for most types of armour.
You have tough skin. (AC +1)


Message History

The bullfrog hits you.
* * * LOW HITPOINT WARNING * * *
The bullfrog hits you.
* * * LOW HITPOINT WARNING * * *
A red film seems to cover your vision as you go berserk!
You feel yourself moving faster!
You feel mighty!
You are feeling hungry.
The bullfrog hits you!
* * * LOW HITPOINT WARNING * * *
The bullfrog closely misses you.
You sock the bullfrog!
The bullfrog is severely wounded.
The bullfrog barely misses you.
You miss the bullfrog.
The bullfrog is severely wounded.
The bullfrog barely misses you.
You barely miss the bullfrog.
The bullfrog is severely wounded.
The bullfrog hits you!
You die...

#[#
#.#....#.#.#...
#.#
#.######.#.#...
#.#
#........#.#...
#.#
##########.....
#.### ###.#.
#...# #.#.
###.# #.#. #.#
#.#. #@# # #.#.
#F# #. #.#. #.#
####.###.#. #.#
.........## #.#
###.##.... ..#
#<.... ###
#..... #.....
#.....


You could see a bullfrog.

Vanquished Creatures
  Natasha (thrice) (D:2)
  A howler monkey skeleton (D:4)
  An adder (D:2)
  A worm (D:2)
  5 dart slugs
  2 leopard geckos
  4 giant cockroaches
  6 goblins
  6 hobgoblins
  3 jackals (D:1)
  A quokka (D:4)
  A ball python (D:1)
  7 bats
  2 frilled lizards
  5 kobolds
  7 rats
55 creatures vanquished.

Notes
Turn   | Place    | Note
-------+----------+-------------------------------------------
     0 | D:1      | Cecky the Ogre Berserker began the quest for the Orb.
     0 | D:1      | Reached XP level 1. HP: 24/24 MP: 1/1
    93 | D:1      | Reached XP level 2. HP: 30/32 MP: 2/2
   426 | D:1      | Reached XP level 3. HP: 25/40 MP: 3/3
   996 | D:2      | Found a sparkling altar of Nemelex Xobeh.
  1024 | D:2      | Found an ornate altar of the Wu Jian Council.
  1266 | D:2      | Reached ** piety under Trog
  1716 | D:2      | Reached XP level 4. HP: 42/49 MP: 4/4
  1797 | D:2      | Found a shimmering altar of Xom.
  1797 | D:2      | Noticed Natasha
  2032 | D:2      | Found a sparkling altar of Nemelex Xobeh.
  2143 | D:2      | Found an ornate altar of the Wu Jian Council.
  2159 | D:2      | Killed Natasha
  2358 | D:2      | Noticed Natasha
  2367 | D:2      | Killed Natasha
  2475 | D:2      | Found a shimmering altar of Xom.
  2566 | D:2      | Found a bloodstained altar of Trog.
  2690 | D:2      | Found a sparkling altar of Nemelex Xobeh.
  2745 | D:2      | Found an ornate altar of the Wu Jian Council.
  2864 | D:2      | Noticed Natasha
  2871 | D:2      | Killed Natasha
  2871 | D:2      | Reached skill level 5 in Fighting
  2871 | D:2      | Reached XP level 5. HP: 44/57 MP: 5/5
  3038 | D:3      | Found a shadowy altar of Dithmenos.
  3044 | D:3      | Found a deep blue altar of Sif Muna.
  3044 | D:3      | Found a white marble altar of Elyvilon.
  3260 | D:3      | Found an opulent altar of Gozag.
  3684 | D:4      | Slain by a bullfrog

Vault maps used:
D:1:      minmay_arrival_cross
D:2:      nemelex_xobeh_ov_fountains_minmay, nicolae_overflow_crystal_walls,
          xom_teletrap_fun, lightli_temple_of_fire, uniq_natasha
D:3:      grunt_gozag_breadcrumbs, gammafunk_temple_overflow_forgotten,
          first_bread
D:4:      grunt_ministairs_4, minmay_misc_feat_nine_boxes,
          cheibrodos_ashenzari_chains

Skill      XL: |  1  2  3  4  5 |
---------------+----------------+-----
Maces & Flails | 3 4 |  4.0
Dodging        | 3 |  3.8
Fighting       | 5 |  5.1
Stealth        | |  0.1

Action                   |  1- 3 |  4- 6 || total
-------------------------+-------+-------++-------
Melee: Mace              |   121 |    73 ||   194
Invok: Berserk           |       |     3 ||     3
  Eat: Chunk             |     3 |     3 ||     6
       Bread ration      |       |     1 ||     1
Armor: Animal skin       |    67 |    15 ||    82
Dodge: Dodged            |    92 |    49 ||   141

Table legend:
 A = Spawn XP
 B = Non-spawn XP
 C = Spawn XP percentage of total XP
 D = Spawn monster count
 E = Non-spawn monster count
 F = Spawn count percentage of total count
 G = Total turns spent on level
                    A         B        C        D         E        F      G
               +---------+---------+-------+---------+---------+-------+---------
         Total |       0 |     226 |   0.0 |       0 |      55 |   0.0 |  3684
               +---------+---------+-------+---------+---------+-------+---------
           D:1 |       0 |      44 |   0.0 |       0 |      27 |   0.0 |   892
           D:2 |       0 |     148 |   0.0 |       0 |      18 |   0.0 |  2128
           D:3 |       0 |      17 |   0.0 |       0 |       8 |   0.0 |   554
           D:4 |       0 |      17 |   0.0 |       0 |       2 |   0.0 |   110
               +---------+---------+-------+---------+---------+-------+---------
